 Dungeon Crawl Stone Soup version 0.17-a0-1210-g1e4f09d (webtiles) character file.

35 SWAGNEMITE the Covered (level 3, 0/23 HPs)
             Began as a Gargoyle Fighter on June 3, 2015.
             Slain by a jackal (1 damage)
             ... on level 2 of the Dungeon.
             The game lasted 00:02:17 (1040 turns).

SWAGNEMITE the Covered (Gargoyle Fighter)           Turns: 1040, Time: 00:02:17

Health: 0/23       AC: 10    Str: 24    XL:     3   Next: 33%
Magic:  3/3        EV:  7    Int:  8    God:
Gold:   52         SH:  9    Dex: 10    Spells: 0 memorised, 2 levels left

rFire  . . .     SeeInvis .     (no weapon)
rCold  . . .     Clarity  .     b - +0 scale mail
rNeg   + . .     SustAt   .     c - +0 shield
rPois  ∞         Gourm    .     (no helmet)
rElec  +         Spirit   .     (no cloak)
rCorr  .         Warding  .     (no gloves)
rMut   .         Stasis   .     (no boots)
MR     .....                    (no amulet)
Stlth  ..........               (no ring)
                                (no ring)

@: mighty, not resistant to hostile enchantments, extremely unstealthy
A: negative energy resistance 1, electricity resistance, unbreathing,
petrification resistance, rot immunity, AC +3
a: no special abilities


You were on level 2 of the Dungeon.
You were hungry.

You visited 1 branch of the dungeon, and saw 2 of its levels.

You collected 52 gold pieces.

Inventory:

Hand weapons
 a - a +0 flail
Armour
 b - a +0 scale mail (worn)
 c - a +0 shield (worn)
Jewellery
 g - an uncursed ring of magical power {unknown}
   (You found it on level 1 of the Dungeon)
Scrolls
 h - a scroll of teleportation {unknown}
 i - a scroll of immolation {unknown}
 j - a scroll of remove curse {unknown}
 k - a scroll of fog {unknown}
Potions
 l - a potion of cancellation {unknown}
 m - a potion of curing {unknown}
Comestibles
 e - a bread ration {@e1}
 f - 2 meat rations {@e2}


   Skills:
 + Level 3.5 Fighting
 + Level 2.4 Maces & Flails
 + Level 3.7 Armour
 + Level 0.5 Dodging
 + Level 3.5 Shields


You had 2 spell levels left.
You didn't know any spells.

Dungeon Overview and Level Annotations

Branches:
Dungeon (2/15)

Altars:


Innate Abilities, Weirdness & Mutations

You are resistant to torment.
Your stone body is resilient (AC +3).
You are immune to poison.
You resist negative energy.
You are resistant to electric shocks.
You can survive without breathing.
You are immune to petrification.
You are immune to rotting.


Message History

Your shield and scale mail prevent you from hitting the quokka.
You block the quokka's attack.
You hit the quokka. You block the quokka's attack.
The quokka bites you but does no damage.
You miss the quokka.
The quokka bites you but does no damage.
You miss the quokka. You block the quokka's attack.
You hit the quokka. You block the quokka's attack.
The quokka closely misses you.
Your shield and scale mail prevent you from hitting the quokka.
The quokka barely misses you.
The rat twitches its whiskers.
You closely miss the quokka. The quokka bites you.
You block the quokka's attack.
You take 2 damage, and have 18/23 hp.
Your shield and scale mail prevent you from hitting the quokka.
The quokka bites you but does no damage.
You closely miss the quokka. The quokka bites you.
The quokka bites you but does no damage.
You take 3 damage, and have 15/23 hp.
You hit the quokka.
You kill the quokka!
You hit the jackal. The jackal bites you.
The jackal bites you but does no damage.
You take 2 damage, and have 14/23 hp.
You hit the jackal but do no damage. The jackal bites you.
The jackal bites you but does no damage.
The jackal barely misses you.
The jackal bites you but does no damage.
You take 2 damage, and have 12/23 hp.
You closely miss the jackal. You block the jackal's attack.
The jackal closely misses you.
You hit the jackal. The jackal barely misses you.
You block the jackal's attack. The jackal barely misses you.
The jackal bites you but does no damage.
You completely miss the jackal. You block the jackal's attack.
The jackal bites you but does no damage.
The jackal bites you.
You take 1 damage, and have 11/23 hp.
You closely miss the jackal. The jackal barely misses you.
You block the jackal's attack. The jackal completely misses you.
You closely miss the jackal. The jackal barely misses you.
You block the jackal's attack.
The jackal bites you but does no damage.
You block the jackal's attack. The jackal bites you.
You take 2 damage, and have 9/23 hp.
You barely miss the jackal. The jackal closely misses you.
The jackal bites you but does no damage.
You hit the jackal.
The jackal bites you but does no damage.
The jackal bites you.
You take 1 damage, and have 8/23 hp.
You barely miss the jackal.
The jackal bites you but does no damage.
You block the jackal's attack.
The jackal bites you but does no damage.
The jackal bites you.
You take 1 damage, and have 7/23 hp.
You hit the jackal but do no damage. You block the jackal's attack.
The jackal barely misses you.
You closely miss the jackal.
The jackal bites you but does no damage. x3
The jackal bites you.
You take 1 damage, and have 7/23 hp.
You hit the jackal.
The jackal bites you but does no damage.
The jackal barely misses you.
You hit the jackal. The jackal closely misses you. The jackal bites you.
* * * LOW HITPOINT WARNING * * *
You block the jackal's attack. The jackal barely misses you.
You take 1 damage, and have 6/23 hp.
Your shield and scale mail prevent you from hitting the jackal.
The jackal bites you.
* * * LOW HITPOINT WARNING * * *
You block the jackal's attack. x2
You take 2 damage, and have 4/23 hp.
You closely miss the jackal. You block the jackal's attack.
The jackal bites you but does no damage.
The jackal bites you.
* * * LOW HITPOINT WARNING * * *
You take 1 damage, and have 3/23 hp.
You hit the jackal.
The jackal bites you but does no damage.
You block the jackal's attack. The jackal bites you.
* * * LOW HITPOINT WARNING * * *
The jackal barely misses you.
You take 2 damage, and have 1/23 hp.
You feel very mighty all of a sudden. The jackal barely misses you.
You block the jackal's attack.
You hit the jackal.
You kill the jackal!
You block the jackal's attack. x2
A bat comes into view.
You closely miss the jackal. You block the jackal's attack.
The jackal bites you but does no damage.
You block the jackal's attack.
You miss the jackal.
The jackal bites you but does no damage.
The jackal bites you.
You die...

#### ..#
#.# ###r###
#@hhb.##
#h###..#
#.# #....#
..# #..###
.... .r.#
#.#.#..#..
#.#....#...
#.#........
#....#....


You could see 3 jackals, a bat and a rat.

Vanquished Creatures
  A ball python (D:1)
  2 bats (D:1)
  4 hobgoblins (D:1)
  7 jackals
  A quokka (D:2)
  2 giant newts (D:1)
  7 goblins (D:1)
  5 kobolds (D:1)
  A rat (D:1)
30 creatures vanquished.

Notes
Turn   | Place    | Note
--------------------------------------------------------------
     0 | D:1      | SWAGNEMITE the Gargoyle Fighter began the quest for the Orb.
     0 | D:1      | Reached XP level 1. HP: 14/14 MP: 1/1
   151 | D:1      | Reached XP level 2. HP: 16/19 MP: 2/2
   481 | D:1      | Reached XP level 3. HP: 20/23 MP: 3/3
  1034 | D:2      | HP: 4/23 [jackal (2)]
  1036 | D:2      | HP: 1/23 [jackal (2)]
  1040 | D:2      | Slain by a jackal

Vault maps used:
D:1:      dpeg_arrival_sounds_slurp, corner_web_ring
D:2:      bh_walls_and_bars

Action                   || total
-------------------------++-------
Melee: Flail             ||   126
       Unarmed           ||    44
  Use: Potion            ||     1

Vault maps used:
D:1:      dpeg_arrival_sounds_slurp, corner_web_ring
D:2:      bh_walls_and_bars

Table legend:
 A = Turns spent in this place as a percentage of turns spent in the entire game.
 B = Non-inter-level travel turns spent in this place as a percentage of non-inter-level travel turns spent in the entire game.
 C = Inter-level travel turns spent in this place as a percentage of turns spent in this place.
 D = Turns resting spent in this place as a percentage of non-inter-level travel turns spent in this place.
 E = Turns spent auto-exploring this place as a percentage of non-inter-level travel turns spent in this place.
 F = Non-inter-level travel turns spent in this place divided by the number of levels of this place that you've seen.
                   A       B       C       D       E      F
               +-------+-------+-------+-------+-------+----------------------
         Total | 100.0 | 100.0 |   0.6 |   0.6 |  10.3 | 156.0
       Dungeon | 100.0 | 100.0 |   0.6 |   0.6 |  10.3 | 156.0
               +-------+-------+-------+-------+-------+----------------------

Table legend:
 A = Kills in this place as a percentage of kills in entire the game.
 B = Kills by you in this place as a percentage of kills by you in the entire game.
 C = Kills by friends in this place as a percentage of kills by friends in the entire game.
 D = Other kills in this place as a percentage of other kills in the entire game.
 E = Experience gained in this place as a percentage of experience gained in the entire game.
 F = Experience gained in this place divided by the number of levels of this place that you have seen.
                   A       B       C       D       E      F
               +-------+-------+-------+-------+-------+----------------------
         Total | 100.0 | 100.0 |  -nan |  -nan | 100.0 |  25.0
       Dungeon | 100.0 | 100.0 |  -nan |  -nan | 100.0 |  25.0
               +-------+-------+-------+-------+-------+----------------------
